 Dungeon Crawl Stone Soup version 0.26-a0-818-g75db068ed4 (webtiles) character file.

Game seed: 6717748521492425199

90 runemasterragnar the Conjurer (level 4, -2/27 HPs)
             Began as an Octopode Conjurer on Nov 14, 2020.
             Slain by a hobgoblin
             ... wielding a cursed -1 club
              (3 damage)
             ... on level 3 of the Dungeon.
             The game lasted 00:04:13 (3965 turns).

runemasterragnar the Conjurer (Octopode Conjurer)   Turns: 3965, Time: 00:04:15

Health: -2/27      AC:  1    Str:  6    XL:     4   Next: 56%
Magic:  7/7        EV: 13    Int: 21    God:
Gold:   84         SH:  0    Dex: 10    Spells: 2/8 levels left

rFire    . . .     SeeInvis .   n - +1 short sword (flame)
rCold    . . .     Faith    .   (no shield)
rNeg     . . .     Spirit   .   (helmet restricted)
rPois    .         Reflect  .   (no amulet)
rElec    .         Harm     .   e - ring of resist corrosion
rCorr    +         Rampage  .   (no ring)
MR       .....                  (no ring)
Stlth    ++........             (no ring)
HPRegen  0.09/turn              (no ring)
MPRegen  0.10/turn              (no ring)
                                (no ring)
                                (no ring)

@: confused, brilliant, slowed, very slow
A: almost no armour, stealthy swim, amphibious, 8 rings, constrict 8, camouflage
1, gelatinous body 1
a: no special abilities


You were on level 3 of the Dungeon.
You visited 1 branch of the dungeon, and saw 3 of its levels.

You collected 84 gold pieces.

Inventory:

Hand Weapons
 b - a +0 dagger
 d - a +0 dagger
 f - a +0 antimagic hand axe
 n - a +1 short sword of flaming (weapon)
 o - a +3 short sword
Jewellery
 e - a ring of resist corrosion (left tentacle)
Scrolls
 a - a scroll of fear {unknown}
 g - 3 scrolls of identify {unknown}
 i - a scroll of remove curse {unknown}
 k - a scroll of amnesia {unknown}
Potions
 h - a potion of brilliance
 l - a potion of haste {unknown}
 m - a potion of cancellation {unknown}


   Skills:
 + Level 2.5 Dodging
 + Level 3.6 Stealth
 + Level 2.5 Spellcasting
 * Level 4.8 Conjurations
 * Level 0.8 Hexes


You had 2 spell levels left.
You knew the following spells:

 Your Spells              Type           Power        Failure   Level
a - Magic Dart            Conj           ####         1%          1
b - Searing Ray           Conj           ####..       3%          2
c - Dazzling Flash        Conj/Hex       ###...       13%         3

Your spell library contained the following spells:

 Spells                   Type           Power        Failure   Level
 Fulminant Prism          Conj/Hex       ###.......   41%         4
 Iskenderun's Mystic Bla  Conj/Tloc      ###.....     45%         4


Dungeon Overview and Level Annotations

Branches:
Dungeon (3/15)

Altars:
Makhleb
Zin

Annotations:
D:3 Natasha


Innate Abilities, Weirdness & Mutations

You cannot wear most types of armour.
You are very stealthy in the water. (Stealth+)
You are amphibious.
You can wear up to eight rings at the same time.
You can use your tentacles to constrict eight enemies at once.
Your skin changes colour to match your surroundings (Stealth+).
Your rubbery body absorbs attacks. (AC +1, EV +1)


Message History

The hobgoblin hits you with a cursed -1 club.
* * * LOW HITPOINT WARNING * * *
Natasha claws you.
* * * LOW HITPOINT WARNING * * *
The hobgoblin barely misses you.
You feel better. Natasha closely misses you. The hobgoblin closely misses you.
Natasha claws you!
* * * LOW HITPOINT WARNING * * *
It was a potion of ambrosia.
You are confused.
You feel invigorated. The hobgoblin completely misses you. Natasha claws you.
* * * LOW HITPOINT WARNING * * *
You barely miss the hobgoblin. Your squeeze misses the hobgoblin.
The shadow imp disappears in a puff of smoke!
Natasha claws you. The hobgoblin closely misses you.
Natasha casts a spell at you. The magic dart hits you!
* * * LOW HITPOINT WARNING * * *
The hobgoblin hits you with a cursed -1 club.
You die...

#........#
#........#
#........#
####..##+#####
#...........
#...........
#...ยง.......
####h#.##..
#@#.# . ..
#.g5#
...#####..#
......[..#
...#....>#
#.#.#.#
#.#<#.# #
#.#.# #...#


You could see Natasha, a crimson imp (summoned) and a hobgoblin.

Vanquished Creatures
  3 adders (D:2)
  A dart slug (D:1)
  3 leopard geckos
  4 giant cockroaches
  5 goblins
  8 hobgoblins
  2 jackals (D:1)
  14 kobolds
  A quokka (D:2)
  2 bats
  4 frilled lizards
  6 rats
53 creatures vanquished.

Notes
Turn   | Place    | Note
-------+----------+-------------------------------------------
     0 | D:1      | runemasterragnar the Octopode Conjurer began the quest for
                  | the Orb.
     0 | D:1      | Reached XP level 1. HP: 11/11 MP: 3/3
   259 | D:1      | Reached XP level 2. HP: 8/17 MP: 1/5
   595 | D:1      | Learned a level 2 spell: Searing Ray
  1168 | D:1      | Reached XP level 3. HP: 21/21 MP: 3/6
  2866 | D:2      | Learned a level 3 spell: Dazzling Flash
  3210 | D:2      | Reached XP level 4. HP: 27/27 MP: 3/7
  3508 | D:2      | Found a glowing silver altar of Zin.
  3508 | D:2      | Found a burning altar of Makhleb.
  3509 | D:2      | Noticed a green death
  3509 | D:2      | Noticed an angel
  3942 | D:3      | Noticed Natasha
  3965 | D:3      | HP: 1/27 [Natasha/magic dart (8)]
  3965 | D:3      | Slain by a hobgoblin

Illustrated notes

Levels and vault maps discovered:
D:1:      dpeg_arrival_rooms_c, layout_basic
D:2:      layout_basic, grunt_temple_overflow_order_and_chaos_2
D:3:      corexii_shack_village, layout_basic, kennysheep_generic_room_2,
          uniq_natasha

Skill      XL: |  1  2 |
---------------+-------+-----
Stealth        | 3 |  3.6
Dodging        | |  2.5
Spellcasting   | |  2.5
Conjurations   | |  4.8
Hexes          | |  0.8

Action                   |  1- 3 |  4- 6 || total
-------------------------+-------+-------++-------
Melee: Unarmed           |    34 |       ||    34
       Constrict         |     8 |     5 ||    13
       Tentacles         |     5 |       ||     5
       Short sword       |       |    19 ||    19
 Cast: Magic Dart        |    67 |     8 ||    75
  Use: Potion            |       |     4 ||     4
 Stab: Sleeping          |     2 |     2 ||     4
Armor: Skin              |     3 |     1 ||     4
Dodge: Dodged            |    29 |    27 ||    56

Table legend: (Time is in decaauts)
 A = Elapsed time spent in this place.
 B = Non-inter-level travel time spent in this place.
 C = Inter-level travel time spent in this place.
 D = Time resting spent in this place.
 E = Time spent auto-exploring this place.
 F = Levels seen in this place.
 G = Mean time per level.
                   A        B        C        D        E       F      G
               +--------+--------+--------+--------+--------+-----+--------+
         Total |   3970 |   3838 |    132 |   1714 |   1789 |   3 | 1323.3 |
       Dungeon |   3970 |   3838 |    132 |   1714 |   1789 |   3 | 1323.3 |
               +--------+--------+--------+--------+--------+-----+--------+

Top non-repeatable levels by time:
     D:1: 1976 daAuts
     D:2: 1948 daAuts
     D:3: 45 daAuts
